 Dungeon Crawl Stone Soup version 0.30-a0-42-g806c11bf1d (webtiles) character file.

Game seed: 16934130401820041990

4274 IdlyInterested the Carver (level 10, -8/81 HPs)
             Began as a Demonspawn Fighter on Aug 30, 2022.
             Mangled by a large slime creature (25 damage)
             ... on level 7 of the Dungeon.
             The game lasted 00:23:41 (8916 turns).

IdlyInterested the Carver (Demonspawn Fighter)      Turns: 8916, Time: 00:23:42

Health: -8/81      AC: 12    Str: 18    XL:     10   Next: 10%
Magic:  14/14      EV: 13    Int: 13    God:
Gold:   403        SH:  5    Dex: 16    Spells: 15/15 levels left

rFire   + . .      SeeInvis .    C - +0 scimitar
rCold   + . .      Faith    .    (no shield)
rNeg    . . .      Spirit   .    p - +2 ring mail {rF+}
rPois   .          Reflect  +    f - +1 helmet
rElec   .          Harm     .    (no cloak)
rCorr   .          Rampage  .    (no gloves)
Will    .....                    (no boots)
Stlth   +.........               A - amulet of reflection
HPRegen 0.23/turn                k - ring of protection from cold
MPRegen 0.14/turn                r - +6 ring of dexterity

@: on berserk cooldown, slowed, very slow
A: rugged brown scales 3, demonic guardian 1, demonic magic 2, demonic touch 1,
hooves 1, clumsy 1, sense surroundings 1
a: no special abilities


You were on level 7 of the Dungeon.
You visited 2 branches of the dungeon, and saw 8 of its levels.

You collected 403 gold pieces.

Inventory:

Hand Weapons
 a - a +0 long sword
 g - a +2 dagger of chaos
 z - a +0 rapier
 C - a +0 scimitar (weapon)
Missiles
 d - 15 poisoned darts (quivered)
Armour
 f - a +1 helmet (worn)
 p - a +2 ring mail of fire resistance (worn)
 w - a +2 robe of willpower
Jewellery
 j - an amulet of magic regeneration
 k - a ring of protection from cold (left hand)
 m - a ring of fire
 r - a +6 ring of dexterity (right hand)
 u - a ring of wizardry
 A - an amulet of reflection (around neck)
Wands
 o - a wand of digging (5)
 x - a wand of polymorph (11)
 y - a wand of mindburst (17)
Scrolls
 l - 2 scrolls of teleportation
 n - 2 scrolls of summoning
 q - a scroll of fog
Potions
 c - a potion of flight
 e - 3 potions of resistance
 h - a potion of haste
 i - 9 potions of curing
 s - a potion of mutation
 v - a potion of magic


   Skills:
 - Level 6.0 Fighting
 * Level 10.4 Long Blades
 - Level 2.6 Armour
 - Level 6.0 Dodging
 - Level 2.6 Shields
 + Level 2.3 Unarmed Combat
 - Level 3.0 Spellcasting


You had 15 spell levels left.
You didn't know any spells.
Your spell library contained the following spells:

 Spells                   Type           Power      Damage    Failure   Level
 Static Discharge         Conj/Air       2%         3-4/arc   52%         2
 Summon Lightning Spire   Summ/Air       1%         N/A       98%         4
 Lightning Bolt           Conj/Air       0%         1d11      100%        5
 Storm Form               Tmut/Air       0%         N/A       100%        7
 Maxwell's Capacitive Co  Air            0%         ∞         100%        8


Dungeon Overview and Level Annotations

Branches:
Dungeon (7/15)             Temple (1/1) D:5

Altars:
Ashenzari
Cheibriados
Dithmenos
Gozag
Hepliaklqana
Nemelex Xobeh
Okawaru
Qazlal
Ru
Sif Muna
Trog
Uskayaw
Vehumet
Wu Jian
Xom
Yredelemnul


Innate Abilities, Weirdness & Mutations

You are completely covered in rugged brown scales. (AC +3, +7% HP)
A weak demonic guardian rushes to your aid.
Spells you cast may paralyse nearby enemies.
Your touch may inflict minor irresistible damage on your foes.
You have large cloven feet.
You are clumsy. (Dex -2)
You passively map a small area around you.


Message History

The large slime creature is heavily wounded.
The large slime creature hits you!!
A demonic guardian appears!
You hit the large slime creature.
Your kick misses the large slime creature.
The large slime creature is heavily wounded.
The large slime creature hits you!!
* * * LOW HITPOINT WARNING * * *
You barely miss the large slime creature.
The large slime creature is heavily wounded.
You swap places.
The large slime creature closely misses your white imp.
You are too berserk!
You feel a strong urge to attack something.
Your white imp hits the large slime creature.
Your white imp freezes the large slime creature.
You are no longer berserk.
You are exhausted.
You feel yourself slow down.
The large slime creature hits your white imp.
Your white imp hits the large slime creature.
Your white imp freezes the large slime creature.
Things that are here:
a +0 club; a kobold corpse You feel much better.
The large slime creature hits your white imp!
Your white imp dies!
Your white imp disappears in a puff of smoke!
You slash the large slime creature!
Your kick misses the large slime creature.
The large slime creature is severely wounded.
The large slime creature misses you.
You block the large slime creature's attack.
You hit the large slime creature. You kick the large slime creature.
The large slime creature is severely wounded.
The large slime creature hits you!!
* * * LOW HITPOINT WARNING * * *
You slash the large slime creature!
You touch the large slime creature!
The large slime creature is almost dead.
The large slime creature hits you!!
You die...

##
#..'....####..##..##.###
.#
#.##....(.........##....
.#
#################.##..#.
.# ### * *#.##.... .###
#######.## #.##....
...######....#.#.# ,
,,*#.......
##..#.##...[.#.#.#,, ,
#.##)##.
##...)).....#'#)# ,
#..#)##.
##..').......#@#,,
#..#.### ##.)).......#J#
#....# #.##...)...#J# ,
#....# #
#####......##J..÷.P.
###..# # ########
#...... ##.### ######*
###...# * #...... *
#.#.#.. , ###.#.##.


You could see a large slime creature, a jelly and an endoplasm.

Vanquished Creatures
  Pikel (D:4)
  The ghost of Pooter the Shooter, a novice MiHu of Trog (D:6)
  Prince Ribbit (D:7)
  A slime creature (D:7)
  Sigmund (D:5)
  Menkaure (D:4)
  Edmund (D:4)
  2 water moccasins
  Duvessa (D:5)
  3 black bears
  2 ice beasts
  2 sky beasts
  An ogre (D:5)
  2 centaurs (D:7)
  A phantom (D:7)
  A kobold brigand (D:7)
  4 bullfrogs (D:7)
  A scorpion (D:4)
  A wight (D:7)
  Dowan (D:5)
  4 crimson imps (D:3)
  A howler monkey (D:6)
  3 jellies
  4 orc priests
  A gnoll bouda (D:7)
  A hound (D:3)
  4 iguanas
  An orc wizard (D:6)
  Ijyb (D:5)
  11 gnolls
  8 adders
  A white imp (D:7)
  An ufetubus (D:5)
  4 dart slugs
  12 orcs
  9 endoplasms
  4 giant cockroaches
  5 goblins
  7 hobgoblins
  7 quokkas
  13 ball pythons
  4 bats (D:1)
  5 frilled lizards
  13 kobolds
  7 rats
160 creatures vanquished.

Vanquished Creatures (collateral kills)
  A water moccasin (D:6)
1 creature vanquished.

Vanquished Creatures (others)
  2 fungi (D:7)
  10 toadstools (D:7)
12 creatures vanquished.

Grand Total: 173 creatures vanquished

Notes
Turn   | Place    | Note
-------+----------+-------------------------------------------
     0 | D:1      | IdlyInterested the Demonspawn Fighter began the quest for
                  | the Orb.
     0 | D:1      | Reached XP level 1. HP: 18/18 MP: 1/1
   113 | D:1      | Reached skill level 2 in Long Blades
   278 | D:1      | Reached skill level 1 in Dodging
   278 | D:1      | Gained mutation: Spells you cast may paralyse adjacent
                  | enemies. [demonic ancestry]
   278 | D:1      | Reached XP level 2. HP: 24/24 MP: 2/2
   301 | D:1      | Found a faded altar of an unknown god.
  1106 | D:2      | Gained mutation: Your touch may inflict minor irresistible
                  | damage on your foes. [demonic ancestry]
  1106 | D:2      | Reached XP level 3. HP: 27/29 MP: 3/3
  2171 | D:3      | Reached skill level 3 in Long Blades
  2189 | D:3      | Gained mutation: You are partially covered in rugged brown
                  | scales. (AC +1, +3% HP) [demonic ancestry]
  2189 | D:3      | Reached XP level 4. HP: 21/36 MP: 4/4
  2401 | D:3      | Found a shimmering altar of Xom.
  2421 | D:3      | Reached XP level 5. HP: 28/42 MP: 5/5
  2548 | D:3      | Reached skill level 1 in Spellcasting
  2549 | D:3      | Reached skill level 4 in Long Blades
  2772 | D:3      | Found a bloodstained altar of Trog.
  2824 | D:3      | Reached XP level 6. HP: 40/48 MP: 7/9
  3331 | D:4      | Noticed Pikel
  3348 | D:4      | Killed Pikel
  3349 | D:4      | Reached skill level 6 in Long Blades
  3349 | D:4      | Gained mutation: A weak demonic guardian rushes to your
                  | aid. [demonic ancestry]
  3349 | D:4      | Reached XP level 7. HP: 14/53 MP: 9/11
  3910 | D:4      | Noticed Edmund
  3917 | D:4      | Killed Edmund
  3918 | D:4      | Gained mutation: You are mostly covered in rugged brown
                  | scales. (AC +2, +5% HP) [demonic ancestry]
  3918 | D:4      | Reached XP level 8. HP: 39/63 MP: 12/12
  4142 | D:4      | Noticed Menkaure
  4150 | D:4      | Killed Menkaure
  4151 | D:4      | Reached skill level 7 in Long Blades
  4703 | D:5      | Entered Level 5 of the Dungeon
  5184 | D:5      | Reached skill level 5 in Fighting
  5271 | D:5      | Noticed Ijyb
  5276 | D:5      | Killed Ijyb
  5356 | D:5      | Found a staircase to the Ecumenical Temple.
  5362 | Temple   | Entered the Ecumenical Temple
  5552 | D:5      | Noticed Sigmund
  5556 | D:5      | Killed Sigmund
  5557 | D:5      | Reached skill level 8 in Long Blades
  5576 | D:5      | Gained mutation: You are clumsy. (Dex -2) [potion of
                  | mutation]
  5576 | D:5      | Gained mutation: You passively map a small area around you.
                  | [potion of mutation]
  5576 | D:5      | Gained mutation: You have large cloven feet. [potion of
                  | mutation]
  5643 | D:5      | Noticed Dowan
  5646 | D:5      | Noticed Duvessa
  5664 | D:5      | Killed Duvessa
  5673 | D:5      | Killed Dowan
  6554 | D:6      | Gained mutation: You are completely covered in rugged brown
                  | scales. (AC +3, +7% HP) [demonic ancestry]
  6554 | D:6      | Reached XP level 9. HP: 67/73 MP: 13/13
  7078 | D:6      | Reached skill level 9 in Long Blades
  7107 | D:6      | Found a runed translucent door.
  7108 | D:6      | Noticed Pooter's ghost (novice MiHu)
  7498 | D:6      | Killed Pooter's ghost
  7499 | D:6      | Reached skill level 5 in Dodging
  8469 | D:7      | Reached skill level 1 in Unarmed Combat
  8676 | D:7      | Reached skill level 10 in Long Blades
  8699 | D:7      | Noticed Prince Ribbit
  8709 | D:7      | Killed Prince Ribbit
  8713 | D:7      | Gained mutation: Spells you cast may paralyse nearby
                  | enemies. [demonic ancestry]
  8713 | D:7      | Reached XP level 10. HP: 72/81 MP: 14/14
  8916 | D:7      | Mangled by a large slime creature

Illustrated notes

Levels and vault maps discovered:
D:1:      psy_arrival_whirlpool, layout_basic,
          ebering_ecumenical_altar_sacrificial
D:2:      layout_basic, minmay_stone_trees_small, minmay_misc_feat_enclosed
D:3:      layout_basic, led_xom_imps, lemuel_crystal_altar
D:4:      layout_basic, uniq_menkaure, uniq_edmund, uniq_pikel
D:5:      layout_loops_ring, minmay_temple_entry_wispy, abandoned_shop,
          hangedman_decor_push, grunt_decor_cap, uniq_ijyb, uniq_duvessa,
          uniq_sigmund
D:6:      layout_cave_pools, hellmonk_ghost_happy_afterlife,
          kennysheep_cross_bottleneck
D:7:      cheibrodos_fertilizer, layout_basic, minmay_quadrilaterals,
          uniq_prince_ribbit1
Temple:   regret_index_temple_waves

Skill      XL: |  1  2  3  4  5  6  7  8  9 10 |
---------------+-------------------------------+-----
Long Blades    | 2 3 4 6 8 10 | 10.4
Dodging        | 1 2 3 6 |  6.0
Spellcasting   | 2 3 |  3.0
Fighting       | 6 |  6.0
Unarmed Combat | 1 2 |  2.3
Armour         | |  2.6
Shields        | |  2.6

Action                   |  1- 3 |  4- 6 |  7- 9 | 10-12 || total
-------------------------+-------+-------+-------+-------++-------
Melee: Long sword        |   123 |    87 |   231 |       ||   441
       Touch             |     8 |    19 |    61 |     6 ||    94
       Punch             |       |     2 |     2 |       ||     4
       Kick              |       |       |    59 |    19 ||    78
       Scimitar          |       |       |    14 |    51 ||    65
Throw: Stone             |    10 |       |       |       ||    10
       Dart              |       |       |    12 |       ||    12
  Use: Scroll            |     8 |     3 |     9 |       ||    20
       Potion            |       |     3 |     2 |     2 ||     7
 Stab: Distracted        |       |       |     1 |       ||     1
Armor: Scale mail        |    72 |    32 |     9 |       ||   113
       Chain mail        |       |       |    16 |       ||    16
       Ring mail         |       |       |    58 |    21 ||    79
       Skin              |       |       |     5 |       ||     5
Dodge: Dodged            |    67 |    46 |   126 |    30 ||   269
Block: Buckler           |    29 |       |       |       ||    29
       Other             |       |       |     9 |    11 ||    20

Table legend: (Time is in decaauts)
 A = Elapsed time spent in this place.
 B = Non-inter-level travel time spent in this place.
 C = Inter-level travel time spent in this place.
 D = Time resting spent in this place.
 E = Time spent auto-exploring this place.
 F = Levels seen in this place.
 G = Mean time per level.
                   A        B        C        D        E       F      G
               +--------+--------+--------+--------+--------+-----+--------+
         Total |   8952 |   7737 |   1215 |   2427 |   3730 |   8 | 1119.0 |
       Dungeon |   8821 |   7621 |   1200 |   2427 |   3628 |   7 | 1260.1 |
        Temple |    130 |    115 |     15 |      0 |    102 |   1 |  130.0 |
               +--------+--------+--------+--------+--------+-----+--------+

Top non-repeatable levels by time:
     D:4: 1597 daAuts
     D:6: 1397 daAuts
     D:5: 1381 daAuts
     D:3: 1201 daAuts
     D:1: 1161 daAuts
     D:2: 1155 daAuts
     D:7: 926 daAuts
  Temple: 130 daAuts
